[Event "Late-Titled-Tuesday-Blitz-March-12-2024"]
[Site "Chess.com"]
[Date "2024.03.12"]
[Round "4"]
[White "IngOscarArdila"]
[Black "Herman-NY"]
[Result "0-1"]
[WhiteElo "2344"]
[BlackElo "2537"]
[TimeControl "180+1"]
[EndTime "14:37:59 PDT"]
[Termination "Herman-NY won by checkmate"]

1. d4 Nf6 2. c4 g6 3. Nc3 Bg7 4. Nf3 d6 5. e3 O-O 6. Be2 c5 7. O-O Nc6 8. h3 e5 9. dxe5 dxe5 10. Qb3 e4 11. Nd2 Re8 12. a3 h5 13. Qc2 Bf5 14. Rd1 Qc8 15. Nd5 Nh7 16. Nf1 h4 17. Nh2 Ne5 18. Bd2 Ng5 19. Nf4 Qc6 20. Bc3 Re7 21.
Nd5 Re6 22. Rac1 Kh7 23. b4 b6 24. b5 Qb7 25. Qb2 Rh8 26. Ng4 Bxg4 27. Bxg4 f5 28. Bxe5 Bxe5 29. Qc2 fxg4 30. hxg4 h3 31. g3 Qf7 32. Qe2 Rf8 33. Nf4 Rd6 34. Rxd6 Bxd6 35.
Rd1 Be5 36. Rd5 Qe7 37. Kh1 Rd8 38. Rxd8 Qxd8 39. Nd5 Qd7 40. Qf1 Qxg4 41. Qe1 Qf3+ 42. Kh2 Qg2# 0-1

[Event "Late-Titled-Tuesday-Blitz-March-12-2024"]
[Site "Chess.com"]
[Date "2024.03.12"]
[Round "4"]
[White "SergioMoralesG"]
[Black "KyronGriffith"]
[Result "0-1"]
[WhiteElo "2485"]
[BlackElo "2686"]
[TimeControl "180+1"]
[EndTime "14:38:03 PDT"]
[Termination "KyronGriffith won on time"]

1. d4 Nf6 2. c4 g6 3. Nc3 Bg7 4. e4 d6 5. Nf3 O-O 6. Be2 e5 7. Be3 Ng4 8. Bg5 f6 9. Bh4 Nc6 10. d5 Ne7 11. Nd2 Nh6 12. f3 g5 13. Bf2 f5 14. c5 Bd7 15. cxd6 cxd6 16. Nc4 Nf7 17. a4 Ng6 18. O-O Nf4 19. Qb3 b6 20. Rae1 Rc8 21. Nb5 Bxb5 22. axb5 g4 23. exf5 Nxe2+ 24. Rxe2 gxf3 25.
gxf3 Nh6 26. Ne3 Nxf5 27. Nxf5 Rxf5 28. Be3 Kh8 29. Rg2 Qh4 30. Kh1 Qh5 31. Qa3 Rxf3 32. Rfg1 Rf7 33. Qa4 Qf3 34. Qg4 Qxg4 35. Rxg4 Rcf8 36.
h4 Bf6 37. h5 h6 38. Bxh6 Rc8 39. Be3 Rh7 40. h6 Rf7 41. Kg2 Kh7 42. Rh1 Rc2+ 43.
Kg3 Rxb2 44. Rh5 Rb3 0-1

[Event "Late-Titled-Tuesday-Blitz-March-12-2024"]
[Site "Chess.com"]
[Date "2024.03.12"]
[Round "4"]
[White "Sinquefield"]
[Black "buenamor1972"]
[Result "0-1"]
[WhiteElo "2522"]
[BlackElo "2373"]
[TimeControl "180+1"]
[EndTime "14:38:03 PDT"]
[Termination "buenamor1972 won by checkmate"]

1. d4 Nf6 2. Bg5 Ne4 3. Bh4 c5 4. f3 g5 5. fxe4 gxh4 6. e3 Bh6 7. Qd3 Qb6 8. b3 Nc6 9. c3 e5 10. d5 c4 11. Qxc4 Qxe3+ 12. Qe2 Qc1+ 13. Kf2 Ne7 14.
Nf3 f5 15. exf5 O-O 16. Qe1 Qb2+ 17. Nbd2 Nxf5 18. Bd3 d6 19. Rf1 Qxc3 20. Bxf5 Bxf5 21. Kg1 Bd3 22. Rf2 e4 23. Rc1 Qa5 24. Nxh4 Qxd5 25. Rd1 Qd4 26. Nhf3 Qb6 27. Nxe4 Bxe4 28. Qxe4 Be3 29.
Qe6+ Kh8 30. Rf1 Rae8 31. Qg4 Bxf2+ 32. Kh1 Rg8 33. Qf5 Be3 34. h3 Ref8 35. Qd3 Qc5 36. Re1 Bf4 37. Re7 Rg7 38. Re1 Be5 39. Qe2 Rgf7 40. Qe4 Rxf3 41. gxf3 Qd4 42. Qxd4 Bxd4 43. Re7 Rxf3 44. Rxb7 Bb6 45. Kg2 Rf2+ 46. Kg3 Rxa2 47. Kg4 Rb2 48. Kg5 Rxb3 49. h4 Rb5+ 50. Kh6 Be3# 0-1

[Event "Late-Titled-Tuesday-Blitz-March-12-2024"]
[Site "Chess.com"]
[Date "2024.03.12"]
[Round "4"]
[White "Alexei_Gubajdullin"]
[Black "Sanan_Sjugirov"]
[Result "0-1"]
[WhiteElo "2641"]
[BlackElo "2993"]
[TimeControl "180+1"]
[EndTime "14:38:05 PDT"]
[Termination "Sanan_Sjugirov won on time"]

1. d4 Nf6 2. Nf3 b6 3. Bf4 Bb7 4. e3 g6 5. Be2 Bg7 6. O-O O-O 7. h3 d6 8. a4 a5 9. Nc3 Nbd7 10. Bh2 e6 11. Nd2 e5 12. Bf3 Bxf3 13. Qxf3 Re8 14. Qc6 Rc8 15. Nb5 d5 16. c4 Re6 17. Qb7 c6 18.
dxe5 cxb5 19. exf6 Nxf6 20. c5 Rxc5 21. Nb3 Re7 22.
Nxc5 Rxb7 23. Nxb7 Qd7 24. Nd6 bxa4 25. Rac1 Bf8 26. Be5 Qe6 27. Bxf6 Qxf6 28. Ne8 Qxb2 29. Rc8 a3 30. g4 h6 31. h4 a2 32. g5 hxg5 33.
hxg5 a1=Q 34. Rxa1 Qxa1+ 35. Kg2 Qe5 36. Nf6+ Kg7 37. Ne8+ Kh8 38. f4 Qe4+ 39. Kf2 d4 40. Nf6 Qxe3+ 41. Kf1 Qxf4+ 42. Ke1 Qe3+ 43. Kd1 Qe7 0-1

[Event "Late-Titled-Tuesday-Blitz-March-12-2024"]
[Site "Chess.com"]
[Date "2024.03.12"]
[Round "4"]
[White "Bauman_Guy"]
[Black "LornerAcosta"]
[Result "1-0"]
[WhiteElo "2921"]
[BlackElo "2620"]
[TimeControl "180+1"]
[EndTime "14:38:05 PDT"]
[Termination "Bauman_Guy won on time"]

1. e4 c5 2. Nf3 Nc6 3. d4 cxd4 4. Nxd4 e5 5. Nb5 a6 6. Nd6+ Bxd6 7. Qxd6 Qf6 8. Qxf6 Nxf6 9. Nc3 Nb4 10. Bd3 d5 11. exd5 Nfxd5 12. Nxd5 Nxd5 13. a3 Be6 14. Bd2 f6 15. O-O-O Kf7 16. Rhe1 Rac8 17. g3 Rhd8 18. Kb1 h6 19. f3 b5 20. Be4 Rd7 21. Ba5 Rc6 22.
Rd2 Rcd6 23. Red1 f5 24. Bd3 Nf6 25. Bc3 e4 26. fxe4 fxe4 27. Be2 Rxd2 28. Bxd2 Bg4 29. Bxg4 Nxg4 30. Kc1 Nxh2 31. Rh1 Nf3 32. Be3 Kg6 33. g4 Ne5 34. Rg1 Nc4 35. Bf4 Rf7 36. Bb8 Rf2 37. Re1 e3 38. Ba7 Rg2 39. Bc5 Rxg4 40. b3 Ne5 41. Rxe3 Nf7 42. Re6+ Kh7 43. Rxa6 h5 44. Ra7 Nh6 45. Bd6 h4 46. Ra5 Nf5 47. Bb8 Rg1+ 48. Kd2 1-0

[Event "Late-Titled-Tuesday-Blitz-March-12-2024"]
[Site "Chess.com"]
[Date "2024.03.12"]
[Round "4"]
[White "Moultino06"]
[Black "YoreDea"]
[Result "1-0"]
[WhiteElo "2825"]
[BlackElo "2600"]
[TimeControl "180+1"]
[EndTime "14:38:05 PDT"]
[Termination "Moultino06 won on time"]

1. Nc3 e6 2. d4 d5 3. Bf4 Nf6 4. Nb5 Na6 5. e3 c6 6. Nc3 b5 7. Nf3 Bb4 8. Ne5 Qb6 9. Bd3 Nd7 10.
O-O Nxe5 11. Bxe5 f6 12. Qh5+ Kf8 13. Bg3 Bd7 14. Ne2 Be8 15. Qf3 Bf7 16. e4 Nc7 17. a4 bxa4 18. Rxa4 Be7 19. Rfa1 g6 20. Qf4 Ne8 21.
Qh6+ Kg8 22. h4 Bf8 23. Qf4 h5 24. b3 Bh6 25. Qf3 Kg7 26. e5 f5 27. Bf4 Nc7 28. Bxh6+ Rxh6 29. Qe3 Rhh8 30. Qg5 Rhf8 31. Nf4 Kh7 32. Qe7 Rae8 33. Qa3 Kh6 34. Qc1 Kh7 35. Nh3 Nb5 36. Bxb5 cxb5 37. Rxa7 Qxd4 38. Ng5+ Kg8 39. Nxf7 Rxf7 40. Qg5 Qxe5 41. Qxg6+ Rg7 42. Qxe8+ Kh7 43. Qxh5+ Kg8 44. Ra8+ 1-0

[Event "Late-Titled-Tuesday-Blitz-March-12-2024"]
[Site "Chess.com"]
[Date "2024.03.12"]
[Round "4"]
[White "Zapateado"]
[Black "lucasran"]
[Result "0-1"]
[WhiteElo "2379"]
[BlackElo "2608"]
[TimeControl "180+1"]
[EndTime "14:38:05 PDT"]
[Termination "lucasran won on time"]

1. c4 c5 2. Nc3 Nc6 3. g3 g6 4. Bg2 Bg7 5. e4 e6 6. Nge2 Nge7 7. O-O O-O 8. d3 d6 9. Be3 Nd4 10. a3 a5 11. Rb1 Rb8 12. Nb5 Nec6 13. Nexd4 Nxd4 14. Bxd4 cxd4 15. f4 Qb6 16. b4 axb4 17. Rxb4 Qc5 18.
Qb3 Bd7 19. Rb1 Bc6 20. Qc2 f5 21. exf5 gxf5 22. Qe2 e5 23. Nc7 Bxg2 24. Ne6 Qc6 25. Qxg2 Qxg2+ 26. Kxg2 Rf7 27. Rb6 Rd7 28. R1b5 e4 29.
dxe4 fxe4 30. Ng5 e3 31. Kf3 Re8 32. Ne4 e2 33. Kxe2 Rxe4+ 34. Kd3 Ree7 35. Rd5 Re3+ 36. Kd2 Rxa3 37. Rbxd6 Rxd6 38. Rxd6 Rc3 39. Rd7 Rxc4 40. Rxb7 Rc3 41. g4 Rh3 42. g5 Rf3 0-1

[Event "Late-Titled-Tuesday-Blitz-March-12-2024"]
[Site "Chess.com"]
[Date "2024.03.12"]
[Round "4"]
[White "Szparu"]
[Black "Lion-Al-Messi"]
[Result "1-0"]
[WhiteElo "2809"]
[BlackElo "2585"]
[TimeControl "180+1"]
[EndTime "14:38:06 PDT"]
[Termination "Szparu won on time"]

1. d4 Nf6 2. c4 b6 3. Nc3 Bb7 4. Qc2 d5 5. cxd5 Nxd5 6. e4 Nxc3 7. bxc3 e6 8. Nf3 Be7 9. Bd3 c5 10. O-O O-O 11. Rd1 Nd7 12. Qe2 Qc7 13. h3 Rad8 14. Bb2 h6 15. Nd2 Nf6 16. a4 cxd4 17. cxd4 Qf4 18.
g3 Qb8 19. a5 bxa5 20. Rxa5 Bc6 21. Ba1 Bb4 22. Ra2 Qa8 23. f3 Rd7 24. Nc4 Rb7 25. Ne5 Be8 26. Kg2 a5 27. g4 Rb6 28. h4 Nd7 29. Nc4 Rb8 30. g5 h5 31.
d5 Nc5 32. Bb1 Bb5 33. Qb2 f6 34. Nd6 Na4 35. Qc2 Bxd6 36. e5 f5 37. exd6 Nb6 38. Qb2 Rb7 39. dxe6 Nc4 40. Qd4 f4 41. e7 Ne3+ 42.
Kh2 Rf7 43. Qe4 Bd3 44. Bxd3 Rb2+ 45. Bxb2 Qxe4 46. Bxe4 Nxd1 47. e8=Q+ 1-0

[Event "Late-Titled-Tuesday-Blitz-March-12-2024"]
[Site "Chess.com"]
[Date "2024.03.12"]
[Round "4"]
[White "DonBroca"]
[Black "picturesquecheck"]
[Result "1-0"]
[WhiteElo "2242"]
[BlackElo "2389"]
[TimeControl "180+1"]
[EndTime "14:38:07 PDT"]
[Termination "DonBroca won by resignation"]

1. e4 c5 2. c3 Nf6 3. e5 Nd5 4. d4 cxd4 5. Nf3 Nc6 6. Bc4 Nb6 7. Bb3 d5 8. exd6 Qxd6 9. Nxd4 Nxd4 10. Qxd4 Qxd4 11.
cxd4 Bf5 12. Nc3 e6 13. O-O Be7 14. d5 O-O 15. Re1 Bc5 16. Be3 Bxe3 17. Rxe3 exd5 18. Nxd5 Nxd5 19. Bxd5 Rad8 20. Bxb7 Rd2 21. b3 Rfd8 22. f3 Rb2 23. Rae1 Be6 24. R3e2 Rdd2 25. Kf2 Rxa2 26. Rxd2 Rxd2+ 27. Kg3 g6 28. Rb1 h5 29. h4 Rd6 30.
b4 Rb6 31. Be4 a5 32. bxa5 Ra6 33. Rb5 Kf8 34. Bd3 Ra7 35. a6 Ke8 36. Rb8+ Kd7 37. Rb7+ Rxb7 38. axb7 Kc7 39. Be4 f5 40. Bc6 Bc4 41.
f4 Bf1 42. Kf2 Bd3 43. Ke3 Bf1 44. Kd4 Be2 45. Ke5 Bg4 46. Kf6 Kb8 47. Kxg6 Kc7 48.
Kf6 Kb8 49. Bd7 Kxb7 50. Bxf5 Be2 51. Kg5 Kc7 52. Bg6 Kd6 53. Bxh5 Bf1 54. g4 Ke7 55. f5 1-0

[Event "Late-Titled-Tuesday-Blitz-March-12-2024"]
[Site "Chess.com"]
[Date "2024.03.12"]
[Round "4"]
[White "Jospem"]
[Black "ChessLover0108"]
[Result "1-0"]
[WhiteElo "3125"]
[BlackElo "2943"]
[TimeControl "180+1"]
[EndTime "14:38:08 PDT"]
[Termination "Jospem won by checkmate"]

1. e4 c5 2. Nf3 d6 3. c3 Nf6 4.
h3 g6 5. Bd3 Bg7 6. Bc2 O-O 7.
O-O e5 8. d3 Nc6 9. Bg5 d5 10.
Nbd2 h6 11. Bh4 g5 12. Bg3 dxe4 13. dxe4 Nh5 14. Nc4 Nf4 15. Ne3 Be6 16. Nh2 Qb6 17.
Bb3 Rad8 18. Qc2 Na5 19. Bxe6 fxe6 20. Rad1 Qa6 21. Kh1 Nc4 22. Bxf4 exf4 23. Nxc4 Qxc4 24. a3 b5 25. e5 b4 26. Ng4 bxc3 27. Nf6+ Kf7 28.
bxc3 Bxf6 29. exf6 Kxf6 30. Qh7 Rh8 31. Qxa7 Qxc3 32.
Rc1 Qd4 33. Rxc5 Rd5 34. Rfc1 Rc8 35. Qh7 Rcxc5 36. Re1 Re5 37. Rb1 Rb5 38. Rc1 Qxf2 39. Qxh6+ Ke7 40. Qg7+ Kd6 41. Qc7+ Kd5 42. Qc6+ Kd4 43.
Qc4+ Ke3 44. Rc3+ Kd2 45. Qd3+ Ke1 46. Rc1# 1-0

[Event "Late-Titled-Tuesday-Blitz-March-12-2024"]
[Site "Chess.com"]
[Date "2024.03.12"]
[Round "4"]
[White "DanielNaroditsky"]
[Black "Vladimir_Zakhartsov"]
[Result "0-1"]
[WhiteElo "3078"]
[BlackElo "2927"]
[TimeControl "180+1"]
[EndTime "14:38:09 PDT"]
[Termination "Vladimir_Zakhartsov won by checkmate"]

1. e4 e6 2. d4 d5 3. e5 c5 4. Nf3 cxd4 5. Bd3 Nc6 6. O-O f5 7. Nbd2 Nge7 8. Nb3 Ng6 9. Re1 Qb6 10. Nbxd4 Bc5 11.
c3 O-O 12. Bc2 Bd7 13. h4 Bxd4 14. cxd4 Nb4 15. Bb1 h6 16. Re3 Rac8 17. Rc3 Rc4 18. a3 Rxc3 19. bxc3 Nc6 20. a4 Na5 21. Ba3 Rc8 22.
Bb4 Nc6 23. Bc5 Qd8 24. g3 Ncxe5 25. h5 Nxf3+ 26. Qxf3 Ne5 27. Qe2 b6 28. Qxe5 bxc5 29. Bd3 Qc7 30. Qe3 c4 31. Bc2 Rb8 32. Re1 Qd6 33. Kg2 Rb2 34. Re2 Qf8 35. Qf4 Qb8 36.
Qh4 Bxa4 37. Rxe6 Bxc2 38. Qe7 Be4+ 39. Kh3 Rb1 40. f3 Bxf3 41. Re1 Rxe1 42. Qxe1 Be4 43. Qf2 Qe8 44. g4 fxg4+ 45. Kxg4 Qe6+ 46. Kg3 Qf5 47. Qe2 Qg5+ 48. Qg4 Qxg4+ 49. Kh2 Qg2# 0-1

[Event "Late-Titled-Tuesday-Blitz-March-12-2024"]
[Site "Chess.com"]
[Date "2024.03.12"]
[Round "4"]
[White "Lady_Nika"]
[Black "BardArtem"]
[Result "0-1"]
[WhiteElo "2566"]
[BlackElo "2741"]
[TimeControl "180+1"]
[EndTime "14:38:10 PDT"]
[Termination "BardArtem won by resignation"]

1. e4 d5 2. exd5 Qxd5 3. Nc3 Qe5+ 4. Qe2 Qxe2+ 5. Bxe2 c6 6. Nf3 Nf6 7. O-O Bf5 8. d3 h6 9. h3 e6 10. Nd4 Bh7 11.
a4 a5 12. Nb3 Nbd7 13. Be3 Bb4 14. Na2 Be7 15. Nc3 Bb4 16. Na2 Bd6 17. Nc3 O-O 18. Nd2 Bb4 19. Nc4 Rfe8 20. Na2 Be7 21. Nc3 Nd5 22. Bd2 Bb4 23. Na2 Bxd2 24. Nxd2 Nc5 25.
Bf3 Nxa4 26. b3 Nac3 27. Nxc3 Nxc3 28. Nc4 a4 29. Nb6 Ra6 30. Nxa4 Rea8 31. Rae1 Nxa4 32. bxa4 Rxa4 33. Rb1 R8a7 34. Rb2 Ra2 35. Rfb1 Rxb2 36. Rxb2 Kf8 37. Kf1 Ke7 38. Ke1 Kd6 39. Kd2 e5 40. g4 f6 41. Bg2 Bg8 42. Rb4 b5 43. f4 Kc5 44. Rb2 exf4 45. Be4 Bd5 46. Bf5 Re7 47.
c3 f3 48. d4+ Kd6 49. Bd3 f2 50. Rb1 Bg2 51. Bf1 Re1 52. Rxe1 fxe1=Q+ 53. Kxe1 Bxf1 54. Kxf1 Kd5 55. Ke2 Kc4 56. Kd2 b4 57. cxb4 Kxd4 58. Ke2 Kc4 59. Kf3 Kxb4 60. Kf4 g6 61. h4 c5 62. h5 gxh5 63. gxh5 c4 64. Kf5 c3 65.
Kg6 c2 66. Kxh6 c1=Q+ 67. Kg6 Qg5+ 0-1

[Event "Late-Titled-Tuesday-Blitz-March-12-2024"]
[Site "Chess.com"]
[Date "2024.03.12"]
[Round "4"]
[White "IraZyne"]
[Black "BrandonJiang123456"]
[Result "1-0"]
[WhiteElo "2340"]
[BlackElo "2152"]
[TimeControl "180+1"]
[EndTime "14:38:11 PDT"]
[Termination "IraZyne won on time"]

1. e4 e5 2. Bc4 Nc6 3. Nf3 Bc5 4.
O-O Nf6 5. d3 d6 6. c3 Bb6 7.
Re1 h6 8. h3 g5 9. Qb3 Qe7 10. Be3 g4 11. hxg4 Bxg4 12. Nh2 h5 13. Nd2 Na5 14. Qa4+ Bd7 15. Qc2 Ng4 16. Bxb6 axb6 17.
d4 Nxc4 18. Nxc4 Qh4 19. Nf3 Qf6 20. dxe5 dxe5 21. Qd2 h4 22. Qg5 Qxg5 23. Nxg5 f6 24.
Nh3 Nh6 25. a3 Nf7 26. Ne3 Bxh3 27. gxh3 Ng5 28. Nd5 Kf7 29. Re3 Rac8 30. Rd1 Rhg8 31. Kh2 Rg7 32. c4 Ne6 33. Rf3 Rg6 34. Rg1 Rcg8 35.
Rxg6 Rxg6 36. b4 c6 37. Nxb6 Nf4 38. c5 Rg8 39. Nc4 Rd8 40. Nd6+ Ke6 41. Rc3 Rg8 42. Rc2 Rg2+ 43. Kh1 Rg8 44. Kh2 Rg2+ 45. Kh1 Rg7 46. Nc4 Nxh3 47. Rd2 Nf4 48. Rd6+ Ke7 49. Nb6 Ke8 50. Rxf6 h3 51. Rf5 Rg2 52. Rxe5+ Kd8 53. Rf5 Nd3 54. Nc4 Nxf2+ 55. Rxf2 Rxf2 56. Nd6 Ra2 57. Nxb7+ Kc7 58. Nd6 Rxa3 59. Kh2 Re3 60. Nf5 Rxe4 61. Kxh3 Rxb4 62. Ng3 Kd7 63. Kg2 Ke6 64.
Kf3 1-0

[Event "Late-Titled-Tuesday-Blitz-March-12-2024"]
[Site "Chess.com"]
[Date "2024.03.12"]
[Round "4"]
[White "PoXerStar"]
[Black "RebelJohnny"]
[Result "0-1"]
[WhiteElo "2370"]
[BlackElo "2549"]
[TimeControl "180+1"]
[EndTime "14:38:12 PDT"]
[Termination "RebelJohnny won by checkmate"]

1. e4 d6 2. d4 Nf6 3. Nc3 c6 4. Nf3 Bg4 5. Be2 e6 6. h3 Bh5 7. O-O Be7 8. Be3 O-O 9. Re1 d5 10. e5 Nfd7 11. Nb1 c5 12. c3 Nc6 13. Nbd2 cxd4 14. cxd4 Rc8 15. a3 Qb6 16. b4 a6 17. Nb3 Bxf3 18. Bxf3 a5 19. Nc5 Rfd8 20. b5 Nxc5 21. bxc6 Nb3 22. Rb1 a4 23. cxb7 Qxb7 24. Be2 Bxa3 25. Bd3 Bf8 26. Bg5 Be7 27. Bf6 gxf6 28.
Qh5 f5 29. Re3 Kf8 30. Rg3 Ke8 31. Bxf5 Qb6 32. Rg7 Kd7 33. Qxf7 Re8 34. Rxh7 exf5 35. Qxd5+ Kc7 36. Qc4+ Qc6 37. Qd3 Kb8 38. d5 Qc4 39. Qxf5 Qxd5 40. Qf4 Rc4 41. Qg3 Rg8 42. Qh2 Qd3 43.
Rxe7 Qxb1# 0-1

[Event "Late-Titled-Tuesday-Blitz-March-12-2024"]
[Site "Chess.com"]
[Date "2024.03.12"]
[Round "4"]
[White "jinxy2009"]
[Black "VD_coach"]
[Result "0-1"]
[WhiteElo "2212"]
[BlackElo "2493"]
[TimeControl "180+1"]
[EndTime "14:38:12 PDT"]
[Termination "VD_coach won by resignation"]

1. e4 c5 2. Nf3 d6 3. d4 cxd4 4.
Nxd4 Nf6 5. Nc3 g6 6. Be3 Bg7 7. f3 Nc6 8. Bc4 O-O 9. Qd2 Bd7 10. Bb3 Rc8 11. O-O-O Ne5 12. Kb1 Nc4 13. Bxc4 Rxc4 14.
g4 Qa5 15. h4 Rfc8 16. h5 Rxc3 17. bxc3 Bxg4 18. hxg6 hxg6 19. Nb3 Qa4 20. Bh6 Bh5 21.
Bxg7 Kxg7 22. Rdg1 Kf8 23. Qd4 Rc4 24. Qe3 Qc6 25.
Kb2 b6 26. Rg5 Ke8 27. e5 Nd5 28. Qd2 Nxc3 29. exd6 Na4+ 30. Kb1 Qxd6 31. Qxd6 exd6 32. Re1+ Kd7 33. Rg2 Nc3+ 34. Kb2 Na4+ 35. Kb1 Nc5 36. Nxc5+ Rxc5 37. Rf2 Re5 38. Rxe5 dxe5 39. Kc1 Ke6 40. Kd2 g5 41. Ke3 Bg6 42. c3 f5 43. Rb2 f4+ 44. Kf2 e4 45. fxe4 Bxe4 46. Rd2 g4 47. Rd8 g3+ 48.
Kf1 f3 49. Rf8 Bd3+ 50. Kg1 f2+ 51. Kg2 f1=Q+ 52. Rxf1 Bxf1+ 53. Kxf1 Kd5 54. Kg2 Kc4 55. Kxg3 Kxc3 56. Kf3 Kb2 57. Ke2 Kxa2 58. Kd2 b5 59.
Kc2 b4 60. Kc1 b3 61. Kd2 b2 62. Kc3 b1=Q 0-1

[Event "Late-Titled-Tuesday-Blitz-March-12-2024"]
[Site "Chess.com"]
[Date "2024.03.12"]
[Round "4"]
[White "Zhigalko_Sergei"]
[Black "GOGIEFF"]
[Result "0-1"]
[WhiteElo "2856"]
[BlackElo "3025"]
[TimeControl "180+1"]
[EndTime "14:38:13 PDT"]
[Termination "GOGIEFF won on time"]

1. e4 e6 2. d4 d5 3. e5 c5 4. c3 Nc6 5. Nf3 Qb6 6. Bd3 cxd4 7.
O-O Bd7 8. Re1 Nh6 9. c4 dxc4 10. Bxc4 Nf5 11. a3 Be7 12. Nbd2 O-O 13. Bd3 Rfd8 14. b4 Be8 15. Nc4 Qc7 16. Bf4 b5 17. Ncd2 a5 18.
g4 Ne3 19. fxe3 dxe3 20. Rxe3 axb4 21. Qc2 h6 22. g5 hxg5 23. Nxg5 Rxa3 24. Rf1 Rc3 25.
Bh7+ Kh8 26. Rxc3 bxc3 27. Bg8 g6 28. Qxc3 Kxg8 29. Qh3 Bxg5 30. Bxg5 Qxe5 31. Bf6 Qc5+ 32. Rf2 Qh5 33. Qxh5 gxh5 34. Bxd8 Nxd8 35. Ne4 Bc6 36. Nd6 Nb7 37. Nxb7 Bxb7 38. Rc2 Bd5 39. Rc5 b4 40. Rb5 b3 41. Kf2 Kg7 42. Kg3 Kg6 43. Kf4 Kf6 44. h4 e5+ 45. Ke3 Ke6 46. Rb6+ Kf5 47. Rb5 Be6 48.
Kf3 f6 49. Rc5 Bf7 50. Rb5 Bc4 51. Rb6 Bd5+ 0-1

[Event "Late-Titled-Tuesday-Blitz-March-12-2024"]
[Site "Chess.com"]
[Date "2024.03.12"]
[Round "4"]
[White "shimastream"]
[Black "bascheyaro"]
[Result "1-0"]
[WhiteElo "2971"]
[BlackElo "2787"]
[TimeControl "180+1"]
[EndTime "14:38:13 PDT"]
[Termination "shimastream won by resignation"]

1. Nf3 d5 2. g3 Nf6 3. Bg2 Bf5 4.
d3 e6 5. c4 c6 6. Qb3 Qb6 7. Be3 Qb4+ 8. Nbd2 dxc4 9. Qxc4 Nbd7 10. O-O Nb6 11. Qc2 Be7 12. Nd4 O-O 13. Nxf5 exf5 14.
Nf3 Nbd5 15. Bd2 Qb6 16. a3 Qc5 17. Rac1 Qxc2 18. Rxc2 Rad8 19. Ne5 Rfe8 20. Nc4 Bf8 21. Bf3 Rd7 22. Na5 Ng4 23. Rb1 Ne5 24. Bg2 Ng6 25.
Kf1 Bd6 26. f4 Ne3+ 27. Bxe3 Rxe3 28. b4 a6 29. a4 h5 30. b5 axb5 31. axb5 h4 32. Kf2 Rde7 33. bxc6 hxg3+ 34. hxg3 bxc6 35. Nxc6 Re8 36. Nd4 Nxf4 37. gxf4 Bxf4 38. Nxf5 R3e5 39. e4 g6 40. Ne3 Rg5 41. Nd5 Be5 42. Rc4 Bg7 43. Rb7 Kf8 44. Rcc7 Bd4+ 45. Kf1 f5 46. Nf4 fxe4 47. Bxe4 Rg1+ 48. Ke2 Rg4 49. Kf3 Rxf4+ 50. Kxf4 Be5+ 51. Kg5 Bxc7 52. Rxc7 Re6 53. Bxg6 Rd6 54. Be4 Ke8 55. Kf4 Rf6+ 56. Ke5 Rh6 57. d4 Kd8 58.
Rg7 Rh5+ 59. Bf5 Rh6 60. d5 1-0

[Event "Late-Titled-Tuesday-Blitz-March-12-2024"]
[Site "Chess.com"]
[Date "2024.03.12"]
[Round "4"]
[White "Zq1"]
[Black "alexrustemov"]
[Result "1/2-1/2"]
[WhiteElo "2615"]
[BlackElo "2850"]
[TimeControl "180+1"]
[EndTime "14:38:13 PDT"]
[Termination "Game drawn - insufficient material"]

1. d4 g6 2. c4 Bg7 3. e4 d6 4.
Nc3 Nc6 5. Nge2 e5 6. Be3 f5 7. d5 Nce7 8. f3 Nf6 9. Qd2 O-O 10.
h3 f4 11. Bf2 b6 12. O-O-O a5 13. Kb1 Bd7 14. Nc1 g5 15. Nd3 h5 16. Rc1 Ng6 17. Be2 Rf7 18. b3 Bf8 19. a3 Rh7 20.
Kb2 g4 21. hxg4 hxg4 22. Rxh7 Kxh7 23. b4 g3 24. Bg1 Nh4 25. Bf1 Be7 26. c5 axb4 27.
axb4 bxc5 28. bxc5 Qb8+ 29. Kc2 Ba4+ 30. Nxa4 Rxa4 31.
Nb2 Ra2 32. Rb1 dxc5 33. Bc4 Ra3 34. Nd3 Qa7 35. Nxe5 Bd6 36. Nc6 Qa4+ 37. Bb3 Rxb3 38. Rxb3 c4 39. Qc3 Qxb3+ 40. Qxb3 cxb3+ 41. Kxb3 Nxg2 42. e5 Nxd5 43. exd6 cxd6 44. Kc4 Nf6 45. Kd3 Nh4 46.
Ke2 Kg6 47. Nd4 Nh7 48. Nc2 Ng5 49. Ne1 Kf5 50. Bd4 Ke6 51. Bc3 Kd5 52. Bf6 Nhxf3 53. Nxf3 Nxf3 54. Kxf3 Ke6 55. Bg5 Kf5 56. Bxf4 g2 57.
Be3 d5 58. Kxg2 Ke4 59. Ba7 d4 60. Bxd4 1/2-1/2

[Event "Late-Titled-Tuesday-Blitz-March-12-2024"]
[Site "Chess.com"]
[Date "2024.03.12"]
[Round "4"]
[White "AlexPapasimakopoulos"]
[Black "ArturoCaceres"]
[Result "1-0"]
[WhiteElo "2690"]
[BlackElo "2444"]
[TimeControl "180+1"]
[EndTime "14:38:13 PDT"]
[Termination "AlexPapasimakopoulos won by resignation"]

1. d4 e5 2. dxe5 Nc6 3. Nf3 Qe7 4. Bg5 Qc5 5. Be3 Qe7 6. Bf4 Qb4+ 7. Bd2 Qxb2 8. Nc3 Bb4 9. Rb1 Qa3 10. Nd5 Ba5 11. e4 Nge7 12. Rb3 Qa4 13. Bxa5 Qxe4+ 14. Re3 Qxd5 15.
Bxc7 Qxd1+ 16. Kxd1 Nd5 17. Bd6 Nxe3+ 18. fxe3 b6 19.
Bc4 Bb7 20. Rf1 h6 21. Nh4 O-O-O 22. Rxf7 Rhe8 23. Ng6 Na5 24. Bd3 Bxg2 25. Rxg7 Kb7 26. Ke2 Bd5 27. a3 Rg8 28. Rh7 Bc4 29. Nf4 Bxd3+ 30.
cxd3 Kc6 31. Be7 Rde8 32. Rxh6+ Kb5 33. Bd6 Nc6 34. d4 Kc4 35. Rh7 Rd8 36. Bc7 Rde8 37.
Rxd7 Re7 38. e6 Rgg7 39. Rxe7 Nxe7 40. Be5 Rh7 41. h3 Nd5 42. Kf3 Nxf4 43. exf4 Kd5 44. f5 Rh5 45. Kg4 Rh8 46. Bxh8 Kd6 47. Bg7 Kd5 48. e7 a5 49. e8=Q Kc4 50. Qc6+ 1-0

[Event "Late-Titled-Tuesday-Blitz-March-12-2024"]
[Site "Chess.com"]
[Date "2024.03.12"]
[Round "4"]
[White "Skatchkov_V"]
[Black "SharathRk6"]
[Result "1-0"]
[WhiteElo "2680"]
[BlackElo "2385"]
[TimeControl "180+1"]
[EndTime "14:38:14 PDT"]
[Termination "Skatchkov_V won by resignation"]

1. d4 Nf6 2. c4 e6 3. Nf3 d5 4. g3 Be7 5. Bg2 O-O 6. Nc3 dxc4 7. Ne5 Nbd7 8. Nxc4 c5 9. O-O cxd4 10. Qxd4 Nb6 11.
Qxd8 Rxd8 12. Nxb6 axb6 13. Be3 Bc5 14. Rfd1 Bd7 15.
Bxb7 Rab8 16. Bf3 Bxe3 17. fxe3 e5 18. Rd6 Be6 19. Rad1 Rxd6 20. Rxd6 h6 21. Bc6 Bc4 22. e4 b5 23. b3 b4 24. Nd5 Nxd5 25. Bxd5 Bxe2 26.
Rd7 Bh5 27. Kf2 Rb6 28. g4 Bg6 29. Ra7 Rf6+ 30. Kg3 Rb6 31. a4 bxa3 32. Rxa3 h5 33. h3 hxg4 34. hxg4 Rb4 35. Kf3 Rd4 36. Ke3 Rd1 37.
b4 Rb1 38. Rb3 Rxb3+ 39. Bxb3 Kf8 40. b5 Ke7 41. b6 Kd6 42. Bd5 f6 43. Kd3 Be8 44.
Kc4 Bd7 45. Kb4 g6 46. Ka5 f5 47. gxf5 gxf5 48. Ka6 Bc8+ 49. Ka7 fxe4 50. Bxe4 Kc5 51.
Bf5 e4 52. Bxc8 e3 53. Bg4 1-0

[Event "Late-Titled-Tuesday-Blitz-March-12-2024"]
[Site "Chess.com"]
[Date "2024.03.12"]
[Round "4"]
[White "Redzishchess"]
[Black "Kostukov_Alex"]
[Result "1-0"]
[WhiteElo "2529"]
[BlackElo "2308"]
[TimeControl "180+1"]
[EndTime "14:38:14 PDT"]
[Termination "Redzishchess won on time"]

1. d4 g6 2. h4 h5 3. Nf3 Bg7 4. c4 d6 5. Nc3 Nf6 6. Bg5 O-O 7. e4 Bg4 8. Be2 Nh7 9. Be3 Nd7 10. Qd2 e5 11. O-O-O exd4 12. Bxd4 Nhf6 13. Ng5 Bxe2 14. Qxe2 Ng4 15. Bxg7 Kxg7 16. f3 Nge5 17. g4 hxg4 18. f4 Nf3 19. Nxf3 gxf3 20. Qxf3 Rh8 21.
h5 Nf6 22. hxg6 fxg6 23. e5 Nh5 24. exd6 cxd6 25. Qxb7+ Kh6 26. Ne4 Rb8 27. Qd5 Qb6 28.
Rxh5+ Kg7 29. Qd2 Rxh5 30. Qc3+ Kh6 31. b3 Qc6 32. Nxd6 Qg2 33. Nf7+ Kh7 34. Ng5+ Rxg5 35. Rd7+ Kh6 36. fxg5+ Qxg5+ 37. Kb2 Qg2+ 38. Ka3 Rb7 39. Qe3+ Kh5 40. Qc5+ g5 41. Rd5 Kh4 42. Qd6 g4 43.
Qh6+ Kg3 44. Rd3+ Kf2 45. Rd2+ Ke1 46. Rxg2 1-0

[Event "Late-Titled-Tuesday-Blitz-March-12-2024"]
[Site "Chess.com"]
[Date "2024.03.12"]
[Round "4"]
[White "PawnEatingZombie"]
[Black "Fore_Man"]
[Result "1-0"]
[WhiteElo "2111"]
[BlackElo "2305"]
[TimeControl "180+1"]
[EndTime "14:38:14 PDT"]
[Termination "PawnEatingZombie won on time"]

1. e4 e6 2. d4 d5 3. exd5 exd5 4.
Bf4 Bd6 5. Qd2 Nf6 6. Nc3 O-O 7.
O-O-O c6 8. f3 b5 9. h4 a5 10. Nh3 a4 11. a3 Na6 12. Na2 Rb8 13. Bxd6 Qxd6 14. Qf4 Qd8 15. g4 Qb6 16. Qd2 b4 17. axb4 Nxb4 18. Nxb4 Qxb4 19. Qxb4 Rxb4 20. c3 Rb6 21. Nf4 Bd7 22. Nd3 Rfb8 23. Rh2 a3 24.
bxa3 Rb1+ 25. Kd2 R1b2+ 26. Nxb2 Rxb2+ 27. Ke3 Rxh2 28. Ra1 h6 29. a4 Bc8 30. a5 Nd7 31. a6 Nb6 32. Rb1 Bxa6 33. Bxa6 Na4 34. Bd3 g6 35. c4 dxc4 36. Bxc4 Nc3 37. Rb7 Nd5+ 38. Bxd5 cxd5 39. Rd7 Rxh4 40. Rxd5 Rh1 41. Rd8+ Kg7 42. Ke4 h5 43. gxh5 Rxh5 44. d5 Kf6 45. Re8 Rh1 46.
Kd4 Rc1 47. d6 g5 48. Kd5 1-0